 Dungeon Crawl Stone Soup version 0.31.0-32-g396128a36d (webtiles) character file.

Game seed: 1628556639198579867

4157 Beaer the Ruffian (level 10, -1/89 (100) HPs)
             Began as a Troll Fighter on Apr 12, 2024.
             Was an Initiate of Gozag.
             Slain by a troll (5 damage)
             ... summoned by an orange crystal statue
             ... on level 9 of the Dungeon.
             The game lasted 00:09:46 (6682 turns).

Beaer the Ruffian (Troll Fighter)                   Turns: 6682, Time: 00:09:46

HP:   -1/89 (100)   AC:  4    Str: 30    XL:     10   Next: 7%
MP:   9/9           EV: 10    Int:  4    God:    Gozag
Gold: 123           SH:  9    Dex:  9    Spells: 9/9 levels left

rFire   + .          .
                       - Unarmed
rCold   + . .        b - +0 kite shield
rNeg    . . .        A - +0 robe of the Moon {rPois Will- rCorr}
rPois   +            (helmet restricted)
rElec   .            u - scarf {rC+ rF+}
rCorr   +            (gloves unavailable)
SInv    +            (boots unavailable)
Will    .....        h - amulet of regeneration
Stlth   +            z - ring of see invisible
HPRegen 1.94/turn    C - ring of willpower
MPRegen 0.11/turn

%: no passive effects
@: heavily drained
A: large, unfitting armour, claws 3, regeneration 1, shaggy fur 1, tough skin 1
a: Renounce Religion, Potion Petition, Call Merchant, Bribe Branch


You were on level 9 of the Dungeon.
You worshipped Gozag.
Gozag was aware of your devotion.
You visited 2 branches of the dungeon, and saw 10 of its levels.

You collected 560 gold pieces.
You spent 271 gold pieces at shops.
You paid 166 gold pieces to Gozag.

Inventory:

Hand Weapons
 q - the +1 falchion of Idosamy {flame, rPois rN+ Dex+5}
   (You found it on level 4 of the Dungeon)

   Dex+5:     It affects your dexterity (+5).
   rPois:     It protects you from poison rN+: It protects you from negative
   energy.
 I - a +2 short sword of electrocution
Missiles
 e - 18 poisoned darts (quivered)
Armour
 a - a +0 robe
 b - a +0 kite shield (worn)
 u - a scarf of resistance (worn)
 A - the +0 robe of the Moon (worn) {rPois Will- rCorr}
   (You bought it in a shop on level 4 of the Dungeon)

   rPois:     It protects you from poison Will-: It decreases your willpower.
   rCorr:     It protects you from acid and corrosion.
 L - +0 acid dragon scales
Jewellery
 h - an amulet of regeneration (around neck)
 t - a ring of wizardry
 z - a ring of see invisible (left claw)
 C - a ring of willpower (right claw)
 D - a ring of flight
 N - an amulet of the acrobat
Talismans
 l - a flux talisman
 y - a serpent talisman
Wands
 w - a wand of polymorph (4)
 F - a wand of flame (16)
 J - a wand of roots (6)
 M - a wand of charming (6)
Scrolls
 d - 2 scrolls of immolation
 f - 2 scrolls of fog {unknown}
 i - 3 scrolls of teleportation {unknown}
 n - a scroll of blinking {unknown}
 o - a scroll of noise {unknown}
 r - 3 scrolls of identify
 x - a scroll of summoning {unknown}
 B - 2 scrolls of acquirement {unknown}
 G - a scroll of vulnerability {unknown}
 H - a scroll of enchant weapon {unknown}
Potions
 c - 3 potions of might
 g - a potion of brilliance
 j - a potion of mutation {unknown}
 k - 3 potions of curing
 m - 2 potions of heal wounds {unknown}
 p - 2 potions of resistance {unknown}
 s - 2 potions of haste {unknown}
 v - 2 potions of invisibility {unknown}
 E - a potion of ambrosia {unknown}
 K - a potion of berserk rage {unknown}


   Skills:
 + Level 6.6 Fighting
 + Level 6.6 Dodging
 + Level 7.2 Shields
 + Level 7.6 Unarmed Combat


You had 9 spell levels left.
You didn't know any spells.
Your spell library contained the following spells:

 Spells                   Type           Power      Damage    Failure   Level
 Gell's Gravitas          Tloc           0%         N/A       96%         3
 Teleport Other           Tloc           0%         N/A       96%         3
 Ignite Poison            Fire/Alch      0%         N/A       100%        4
 Sticky Flame             Fire/Alch      0%         2d4       100%        4
 Dispersal                Tloc           0%         N/A       100%        6
 Ignition                 Fire           0%         3d3       100%        8


Dungeon Overview and Level Annotations

Branches:
Dungeon (9/15)             Temple (1/1) D:4            Lair (0/5) D:8
    Orc: D:9-12

Altars:
Ashenzari
Cheibriados
Dithmenos
Elyvilon
Fedhas
Gozag
Kikubaaqudgha
Makhleb
Nemelex Xobeh
Okawaru
Qazlal
Ru
Sif Muna
Trog
Uskayaw
Vehumet
Wu Jian
Xom
Yredelemnul
Zin
The Shining One

Shops:
D:1 [   D:4 [   D:6 *

Annotations:
D:9 exclusion: orange crystal statue


Innate Abilities, Weirdness & Mutations

You are too large for most types of armour.
You have claws for hands.
Your natural rate of healing is unusually fast.
You are covered in fur. (AC +1)
You have tough skin. (AC +1)


Message History

You block the troll's attack.
You scratch the troll but do no damage.
The troll is lightly wounded.
The troll bites you! The troll claws you. The troll closely misses you.
You mangle the troll!!
The troll is severely wounded.
The troll bites you! The troll closely misses you. The troll claws you.
You closely miss the troll.
The troll is severely wounded.
You block the orc warrior's attack.
You are too injured to fight recklessly!
The troll attacks as it pursues you! The troll bites you!
You block the troll's attack. The troll claws you!
* * * LOW HITPOINT WARNING * * *
The orc warrior attacks as it pursues you!
The orc warrior barely misses you.
Okay, then.
As you read the scroll labelled VONKIO ZIHOYSTRETS, it crumbles to dust.
It is a scroll of identify.
g - a potion of brilliance The troll barely misses you.
You block the troll's attack. The troll closely misses you.
You block the orc warrior's attack. The troll attacks as it pursues you!
You block the troll's attack. The troll misses you. The troll claws you.
* * * LOW HITPOINT WARNING * * *
It was a potion of curing.
You feel better. The troll bites you but does no damage.
The troll closely misses you. The troll claws you.
* * * LOW HITPOINT WARNING * * *
The troll attacks as it pursues you! The troll bites you!
* * * LOW HITPOINT WARNING * * *
The troll claws you.
* * * LOW HITPOINT WARNING * * *
The troll barely misses you. The troll attacks as it pursues you!
You block the troll's attack. The troll claws you!
* * * LOW HITPOINT WARNING * * *
The troll claws you.
You die...
Your body crumbles into a pile of gold.

.###..#
###....##~...~~..~. ##
#).. #.##..##..))...~.
#..#. #.....##..))....~
#..#.####.##.#.#....)....
.#.......[[....[....
.>.#.##.#[###.....## #
.#.#.##.#.).#...###
....##..............#
.......@....#.......#
###.####T######.##..#
#..o.oO.....<#
#.######.##..#
#.######.##..###
#......oo.......
######..o....###
....#8.8#..#
#.#.#8...8#.#


You could see a troll (summoned) and an orc warrior (summoned).

Vanquished Creatures
  A hornet (D:9)
  Prince Ribbit (D:8)
  3 wyverns
  A steam dragon (D:8)
  Menkaure (D:5)
  An acid dragon (D:8)
  2 water moccasins
  3 orc warriors (D:9)
  2 black bears
  An ice beast (D:7)
  2 sky beasts
  A centaur (D:7)
  3 bullfrogs
  9 wights
  7 killer bees
  A bombardier beetle (D:4)
  A howler monkey (D:8)
  3 hounds
  4 jellies
  3 orc priests
  3 sleepcaps
  Jessica (D:3)
  An iguana (D:6)
  6 orc wizards
  2 hell rats (D:8)
  4 gnolls (D:4)
  9 adders
  A white imp (D:6)
  2 ufetubi (D:6)
  3 dart slugs
  A ribbon worm (D:3)
  23 orcs
  10 endoplasms
  4 giant cockroaches
  3 hobgoblins
  3 jackals (D:3)
  6 quokkas
  8 ball pythons
  4 bats
  6 frilled lizards
  6 goblins
  4 kobolds
  7 rats
167 creatures vanquished.

Notes
Turn   | Place    | Note
-------+----------+-------------------------------------------
     0 | D:1      | Beaer the Troll Fighter began the quest for the Orb.
     0 | D:1      | Reached XP level 1. HP: 22/22 MP: 0/0
    81 | D:1      | Found Tatimie's Antique Armour Shoppe.
   160 | D:1      | Reached XP level 2. HP: 29/29 MP: 1/1
   349 | D:1      | Found a faded altar of an unknown god.
   941 | D:2      | Reached XP level 3. HP: 36/36 MP: 2/2
  1104 | D:2      | Found a sparkling altar of Nemelex Xobeh.
  1420 | D:3      | Reached XP level 4. HP: 43/44 MP: 3/3
  1495 | D:3      | Noticed Jessica
  1498 | D:3      | Killed Jessica
  2001 | D:3      | Reached XP level 5. HP: 53/53 MP: 4/4
  2256 | D:4      | Identified the +1 falchion of Idosamy {flame, rPois rN+
                  | Dex+5}
  2400 | D:4      | Noticed a black bear
  2401 | D:4      | Found Til Zeck's Armour Boutique.
  2407 | D:4      | Killed a black bear
  2408 | D:4      | Reached XP level 6. HP: 59/61 MP: 5/5
  2511 | D:4      | Found a staircase to the Ecumenical Temple.
  2533 | D:4      | You fall into a shaft and drop 3 floors!
  2720 | D:6      | Reached XP level 7. HP: 57/68 MP: 6/6
  2817 | D:5      | Entered Level 5 of the Dungeon
  2898 | D:5      | Noticed Menkaure
  2904 | D:5      | Killed Menkaure
  3027 | D:5      | Found a shimmering blue altar of Sif Muna.
  3493 | Temple   | Entered the Ecumenical Temple
  3546 | D:4      | Bought the +0 robe of the Moon {rPois Will- rCorr} for 146
                  | gold pieces
  3695 | D:6      | Reached skill level 5 in Unarmed Combat
  3695 | D:6      | Reached XP level 8. HP: 50/73 MP: 7/7
  3704 | D:5      | Reached skill level 5 in Shields
  3908 | D:6      | Found Suoprig's Assorted Antiques.
  3959 | D:6      | Reached skill level 5 in Fighting
  3959 | D:6      | Reached skill level 5 in Dodging
  4296 | D:6      | Bought a glowing coral ring for 125 gold pieces
  4588 | D:7      | Reached XP level 9. HP: 72/88 MP: 8/8
  4723 | D:7      | Found a burning altar of Makhleb.
  4728 | D:7      | Found a glowing silver altar of Zin.
  4728 | D:7      | Found an opulent altar of Gozag.
  4748 | D:7      | Found an ancient bone altar of Kikubaaqudgha.
  4753 | D:7      | Found an ornate altar of the Wu Jian Council.
  4915 | D:8      | Noticed Prince Ribbit
  4934 | D:8      | Killed Prince Ribbit
  5019 | D:8      | Noticed a death yak
  5020 | D:8      | Noticed a death yak
  5285 | D:8      | Found a staircase to the Lair.
  5974 | D:9      | Noticed a two-headed ogre
  6120 | D:9      | Found a bloodstained altar of Trog.
  6194 | D:9      | Found a broken altar of Ashenzari.
  6303 | D:9      | Found a hide-covered altar of Uskayaw.
  6373 | D:7      | Became a worshipper of Gozag Ym Sagoz the Greedy
  6479 | D:9      | Identified the +3 sling of the Hall of Blades {drain,
                  | Dex+3}
  6502 | D:9      | Reached XP level 10. HP: 52/98 MP: 9/9
  6659 | D:9      | Noticed an orange crystal statue
  6682 | D:9      | HP: 4/89 [troll[an orange crystal statue] (9)]
  6682 | D:9      | Slain by a troll

Illustrated notes

Levels and vault maps discovered:
D:1:      evilmike_arrival_hilbert_curve, layout_loops_ring,
          ebering_ecumenical_altar_box, serial_shops, shop, minivault_11,
          st_stairs_13, amcnicky_mini_rare_corridor_liquid, nrook_campfire
D:2:      layout_loops_ring, basic_altar
D:3:      layout_basic, kennysheep_potato, uniq_jessica
D:4:      layout_rooms, temple_pool_b, serial_shops, shop
D:5:      layout_basic, lemuel_coloured_pillars_altar, uniq_menkaure
D:6:      nicolae_cairo_tiling_very_big, layout_basic, serial_shops, shop,
          grunt_ministairs_3, kennysheep_generic_room_2
D:7:      layout_gridville, minmay_overflow_temple_star_hex
D:8:      layout_layer_cave, dpeg_lair_monsters, uniq_prince_ribbit1
D:9:      cheibrodos_helix_gallery, layout_loops_ring,
          nicolae_hepliaklqana_ecumenical_no_more, trog_three_pillars_becter,
          mainiacjoe_overflow_catwalk_spiral, minmay_statue_bubble
Temple:   nicolae_temple_no_exploring_needed

Skill      XL: |  1  2  3  4  5  6  7  8  9 |
---------------+----------------------------+-----
Shields        | 3 4 6 7 |  7.2
Fighting       | 3 4 5 6 |  6.6
Dodging        | 3 4 5 6 |  6.6
Unarmed Combat | 3 4 5 6 7 |  7.6

Action                     |  1- 3 |  4- 6 |  7- 9 | 10-12 || total
---------------------------+-------+-------+-------+-------++-------
  Melee: Unarmed           |    83 |   113 |   316 |    29 ||   541
  Throw: Dart              |       |     3 |       |       ||     3
    Use: Scroll            |     1 |       |       |     1 ||     2
         Potion            |       |       |       |     1 ||     1
   Stab: Distracted        |     1 |       |     1 |       ||     2
         Sleeping          |     1 |     1 |       |       ||     2
 Armour: Robe              |    39 |    60 |   196 |    36 ||   331
  Dodge: Dodged            |    24 |    51 |   123 |    19 ||   217
  Block: Kite shield       |    29 |    45 |   143 |    24 ||   241
